 Dungeon Crawl Stone Soup version 0.29-a0-322-g68df515428 (webtiles) character file.

Game seed: 12983121411223947897

1456 siradein the Gusty (level 8, -10/67 HPs)
             Began as a Red Draconian Air Elementalist on Apr 8, 2022.
             Was an Initiate of Hepliaklqana.
             Killed from afar by a centaur (23 damage)
             ... with a bolt of acid
             ... on level 6 of the Dungeon.
             The game lasted 00:20:23 (7216 turns).

siradein the Gusty (Red Draconian Air Elementalist) Turns: 7216, Time: 00:20:24

Health: -10/67     AC:  6    Str: 10    XL:     8   Next: 47%
Magic:  10/15      EV: 13    Int: 18    God:    Hepliaklqana [......]
Gold:   256        SH:  3    Dex: 12    Spells: 8/16 levels left

rFire   + . .      SeeInvis +   p - +0 mace
rCold   . . .      Faith    .   o - +0 buckler
rNeg    . . .      Spirit   .   (body armour unavailable)
rPois   .          Reflect  .   (helmet restricted)
rElec   .          Harm     .   (no cloak)
rCorr   .          Rampage  .   (no gloves)
Will    .....                   (no boots)
Stlth   ++........              (no amulet)
HPRegen 0.21/turn               r - ring of see invisible
MPRegen 0.14/turn               (no ring)

@: lethally poisoned (-10 -> -24), short of breath
A: breathe fire, AC +6, unfitting armour, fire resistance 1, cold-blooded
a: Breathe Fire, Renounce Religion


You were on level 6 of the Dungeon.
You worshipped Hepliaklqana.
Hepliaklqana was noncommittal.
You visited 2 branches of the dungeon, and saw 7 of its levels.

You collected 256 gold pieces.

Inventory:

Hand Weapons
 p - a +0 mace (weapon)
Missiles
 f - a throwing net
Armour
 o - a +0 buckler (worn)
Jewellery
 r - a ring of see invisible (left hand)
Wands
 e - a wand of polymorph (8)
 q - a wand of digging (6)
 t - a wand of iceblast (8)
Scrolls
 b - 2 scrolls of summoning
 c - 4 scrolls of teleportation
 i - a scroll of fear
 m - a scroll of magic mapping
 s - a scroll of immolation
 u - 4 scrolls of silence
 x - a scroll of noise {unknown}
 y - a scroll of holy word
 z - a scroll of fog {unknown}
 A - a scroll of identify
Potions
 a - a potion of magic
 d - 3 potions of flight
 g - a potion of resistance {unknown}
 h - 3 potions of curing
 j - a potion of lignification {unknown}
 k - a potion of mutation {unknown}
 l - a potion of berserk rage
 n - a potion of ambrosia {unknown}
 v - 2 potions of might {unknown}
 w - a potion of brilliance {unknown}


   Skills:
 + Level 4.9 Fighting
 + Level 4.6 Dodging
 - Level 1.7 Stealth
 + Level 4.7 Spellcasting
 + Level 4.6 Conjurations
 + Level 5.5 Air Magic


You had 8 spell levels left.
You knew the following spells:

 Your Spells              Type           Power      Damage    Failure   Level
a - Shock                 Conj/Air       88%        1d8       2%          1
b - Swiftness             Air            24%        N/A       6%          3
c - Airstrike             Air            12%        N/A       19%         4

Your spell library contained the following spells:

 Spells                   Type           Power      Damage    Failure   Level
 Static Discharge         Conj/Air       22%        N/A       3%          2
 Animate Skeleton         Necr           8%         N/A       19%         1
 Pain                     Necr           16%        1d4       19%         1
 Sandblast                Erth           8%         2d5       19%         1
 Stone Arrow              Conj/Erth      24%        3d8       22%         3
 Ensorcelled Hibernation  Hex/Ice        8%         N/A       28%         2
 Passwall                 Tmut/Erth      3%         N/A       28%         2
 Vampiric Draining        Necr           4%         2d6       50%         3
 Manifold Assault         Tloc           4%         N/A       99%         5
 Statue Form              Tmut/Erth      2%         N/A       100%        6
 Dragon Form              Tmut           2%         N/A       100%        7


Dungeon Overview and Level Annotations

Branches:
Dungeon (6/15)             Temple (1/1) D:4

Altars:
Ashenzari
Cheibriados
Gozag
Hepliaklqana
Kikubaaqudgha
Qazlal
Ru
Trog
Uskayaw
Vehumet
Yredelemnul
The Shining One

Shops:
D:1 (   D:3 [


Innate Abilities, Weirdness & Mutations

You can breathe blasts of fire.
Your fiery red scales are hard. (AC +6)
You cannot fit into any form of body armour.
Your flesh is heat resistant. (rF+)
You are cold-blooded and may be slowed by cold attacks.


Message History

A centaur comes into view.
It is wielding a +0 short sword and carrying a wand of acid (13).
The zap hits the adder.
The adder is severely wounded.
The centaur shouts!
The centaur unwields a +0 short sword.
The centaur wields a +0 shortbow.
The centaur shoots an arrow.
The arrow misses you.
The zap hits the adder.
The adder is almost dead.
The centaur shoots an arrow.
The arrow closely misses you.
The centaur shoots an arrow.
The arrow closely misses you.
The zap hits the adder.
You kill the adder!
The centaur shoots an arrow.
The arrow hits you!
The zap hits the water moccasin!
The water moccasin is heavily wounded.
The centaur shoots an arrow.
The arrow closely misses you. The water moccasin misses you.
The zap misses the water moccasin.
The water moccasin bites you but does no damage.
The water moccasin attacks as you move away!
The water moccasin bites you.
The centaur shoots an arrow.
The arrow hits you!
Aiming: Breathe Fire (4% risk of failure)
Press: ? - help, Shift-Dir - straight line, f/p - water moccasin
Aim: a water moccasin (heavily wounded, 48% to hit)
You breathe a blast of fire.
The fiery breath misses the water moccasin.
The water moccasin misses you.
The centaur shoots an arrow.
The arrow hits you! The water moccasin bites you.
You are poisoned.
The water moccasin poisons you!
Unknown command.
You feel very sick. The water moccasin bites you.
* * * LOW HITPOINT WARNING * * *
You are lethally poisoned!
The water moccasin poisons you!
* * * LOW HITPOINT WARNING * * *
You feel very sick.
The centaur zaps a wand.
The bolt of acid hits you!!
You die...

..$....>........
.....#......#...
#........#......
...........†...#
##............#.
.....^..!.c..... #####.
##..#..<...○... .......
#..#.S#.#....#
........###.....@......#
..>[>....##...##..#....#
.................###...#
.................# #...#
.........[.......#.. #..
.............[.....# ##
...........)......##
.................##
.......#..##<.####


You could see a water moccasin and a centaur.

Vanquished Creatures
  A water moccasin (D:6)
  An ice beast (D:5)
  A black bear (D:5)
  An ogre (D:5)
  4 phantoms
  A scorpion (D:5)
  A necrophage (D:5)
  2 howler monkeys
  2 jellies
  A hound (D:5)
  3 orc priests
  Ijyb (D:3)
  4 iguanas
  3 orc wizards
  8 gnolls
  5 adders
  A shadow imp (D:6)
  4 dart slugs
  7 orcs
  6 ball pythons
  3 endoplasms
  A giant cockroach (D:2)
  7 hobgoblins
  4 jackals
  3 kobolds
  2 quokkas (D:1)
  3 bats
  7 frilled lizards
  13 goblins
  5 rats (D:2)
105 creatures vanquished.

Vanquished Creatures (others)
  5 bushes (D:2)
  14 plants
19 creatures vanquished.

Grand Total: 124 creatures vanquished

Notes
Turn   | Place    | Note
-------+----------+-------------------------------------------
     0 | D:1      | siradein the Draconian Air Elementalist began the quest for
                  | the Orb.
     0 | D:1      | Reached XP level 1. HP: 14/14 MP: 3/3
    51 | D:1      | Found a faded altar of an unknown god.
   367 | D:1      | Reached XP level 2. HP: 22/22 MP: 1/5
   506 | D:1      | Found Kyosops's Antique Weapon Shoppe.
  1209 | D:2      | Reached skill level 1 in Fighting
  1397 | D:2      | Reached XP level 3. HP: 25/28 MP: 0/6
  1532 | D:2      | Learned a level 3 spell: Swiftness
  2790 | D:3      | Reached XP level 4. HP: 34/35 MP: 3/7
  2932 | D:3      | Found Otuisar's Antique Armour Emporium.
  3000 | D:3      | Noticed Ijyb
  3083 | D:3      | Killed Ijyb
  3549 | D:3      | Learned a level 4 spell: Airstrike
  3574 | D:4      | Noticed a phantom
  3626 | D:3      | Killed a phantom
  3627 | D:3      | Reached XP level 5. HP: 25/41 MP: 3/9
  3877 | D:4      | Noticed a phantom
  3895 | D:4      | Killed a phantom
  4002 | D:4      | Found a bloodstained altar of Trog.
  4073 | D:4      | Reached skill level 4 in Air Magic
  4073 | D:4      | Reached XP level 6. HP: 46/50 MP: 0/10
  4399 | D:4      | Found a staircase to the Ecumenical Temple.
  4405 | Temple   | Entered the Ecumenical Temple
  4440 | Temple   | Became a worshipper of Hepliaklqana the Forgotten
  4509 | D:5      | Entered Level 5 of the Dungeon
  4757 | D:5      | Got the Compendium of Orientation and Shape Shifting
  4887 | D:5      | Noticed a two-headed ogre
  4994 | D:5      | Noticed an ice beast
  5006 | D:5      | Killed an ice beast
  5212 | D:5      | Your scales start taking on a fiery red colour.
  5212 | D:5      | Reached XP level 7. HP: 52/57 MP: 0/12
  5212 | D:5      | Gained mutation: Your flesh is heat resistant. (rF+) [Red
                  | Draconian growth]
  6489 | D:6      | Reached skill level 5 in Air Magic
  6500 | D:5      | Reached XP level 8. HP: 62/67 MP: 1/14
  7216 | D:6      | Killed from afar by a centaur

Illustrated notes

Levels and vault maps discovered:
D:1:      wander_arrival_fairy_ring, layout_rooms, basic_ecumenical_altar,
          serial_shops, nicolae_shop_trees
D:2:      layout_loops_ring, serial_forest, infiniplex_forest_clump_tiny,
          infiniplex_forest_lined_room_2, infiniplex_forest_split,
          infiniplex_forest_clump_long, infiniplex_forest_clump_double,
          infiniplex_forest_end_1, infiniplex_forest_straight_3,
          minmay_liquid_box, kennysheep_generic_room_9
D:3:      kennysheep_the_goblin_king, layout_loops_cross, serial_shops, shop,
          minmay_cupped
D:4:      layout_rooms, trog_three_pillars_becter, minmay_temple_entry_fiery,
          serial_glass, glass_columns_a, glass_columns_b, glass_columns_a,
          glass_columns_c, glass_columns_a, glass_columns_a, glass_columns_b,
          glass_columns_c
D:5:      layout_loops_ring, kennysheep_small_square
D:6:      layout_rooms, kb_lookout_dungeons_type
Temple:   eino_narrow_crystal_temple

Skill      XL: |  1  2  3  4  5  6  7 |
---------------+----------------------+-----
Dodging        | 2 3 4 |  4.6
Fighting       | 1 2 3 4 |  4.9
Conjurations   | 2 3 4 |  4.6
Spellcasting   | 3 4 |  4.7
Air Magic      | 4 5 |  5.5
Stealth        | |  1.7

Action                   |  1- 3 |  4- 6 |  7- 9 || total
-------------------------+-------+-------+-------++-------
Melee: Unarmed           |    20 |       |       ||    20
       Tailslap          |     4 |     2 |     2 ||     8
       Quarterstaff      |    19 |       |       ||    19
       Mace              |       |    29 |    41 ||    70
 Cast: Shock             |    82 |    99 |   111 ||   292
 Abil: Breathe Fire      |       |       |    10 ||    10
  Use: Scroll            |       |     8 |     2 ||    10
       Potion            |       |       |     2 ||     2
 Stab: Sleeping          |     1 |       |       ||     1
Armor: Skin              |    17 |    12 |    20 ||    49
Dodge: Dodged            |    18 |    38 |    60 ||   116
Block: Buckler           |       |     8 |     9 ||    17

Table legend: (Time is in decaauts)
 A = Elapsed time spent in this place.
 B = Non-inter-level travel time spent in this place.
 C = Inter-level travel time spent in this place.
 D = Time resting spent in this place.
 E = Time spent auto-exploring this place.
 F = Levels seen in this place.
 G = Mean time per level.
                   A        B        C        D        E       F      G
               +--------+--------+--------+--------+--------+-----+--------+
         Total |   7277 |   7041 |    236 |    860 |   4964 |   7 | 1039.6 |
       Dungeon |   7226 |   7005 |    221 |    860 |   4946 |   6 | 1204.3 |
        Temple |     50 |     35 |     15 |      0 |     18 |   1 |   50.0 |
               +--------+--------+--------+--------+--------+-----+--------+

Top non-repeatable levels by time:
     D:5: 2195 daAuts
     D:2: 1479 daAuts
     D:3: 1365 daAuts
     D:1: 919 daAuts
     D:4: 845 daAuts
     D:6: 421 daAuts
  Temple: 50 daAuts
